 Dungeon Crawl Stone Soup version 0.22-a0-443-g17c3723 (webtiles) character file.

13750 Borgoz the Fighter (level 12, -5/104 (105) HPs)
             Began as a Ghoul Fighter on May 31, 2018.
             Was an Elder of Kikubaaqudgha.
             Slain by a sixfirhy (9 damage)
             ... summoned by a kobold demonologist
             ... on level 10 of the Dungeon.
             The game lasted 00:34:48 (14972 turns).

Borgoz the Fighter (Ghoul Fighter)                 Turns: 14972, Time: 00:34:49

HP:   -5/104 (105)  AC:  9    Str: 23      XL:     12   Next: 9%
MP:   17/17         EV: 12    Int:  0 (3)  God:    Kikubaaqudgha [****..]
Gold: 753           SH: 10    Dex: 11 (12) Spells: 17/20 levels left

rFire    . . .     SeeInvis .     - Unarmed
rCold    + . .     Gourm    .   p - +0 shield of Zomemn {Str+2}
rNeg     + + +     Faith    .   a - +0 scale mail
rPois    ∞         Spirit   .   (no helmet)
rElec    .         Reflect  .   m - +0 cloak {+Inv}
rCorr    .         Harm     .   (no gloves)
MR       .....                  (no boots)
Stlth    ..........             (no amulet)
HPRegen  0.00/turn              (no ring)
MPRegen  0.15/turn              (no ring)

@: rotting, slowed, lost intelligence, very slow
A: rotting body, claws 1, carnivore, cold resistance 1, negative energy
resistance 3, inhibited regeneration, torment resistance, unbreathing
a: Receive Corpses, Renounce Religion, Evoke Invisibility


You were on level 10 of the Dungeon.
You worshipped Kikubaaqudgha.
Kikubaaqudgha was greatly pleased with you.
You were not hungry.

You visited 3 branches of the dungeon, and saw 13 of its levels.
You also visited: Sewer.

You collected 753 gold pieces.

Inventory:

Hand Weapons
 s - a +2 dagger of chaos
Armour
 a - a +0 scale mail (worn)
 m - a +0 cloak of invisibility (worn)
 p - the +0 shield of Zomemn (worn) {Str+2}
   (You found it on level 4 of the Dungeon)

   It affects your strength (+2).
Jewellery
 w - the amulet "Vubrynug" {Inacc Int+3, unknown}
   (You found it on level 11 of the Dungeon)

   [amulet of inaccuracy]

   It reduces the accuracy of all your attacks.
   It affects your intelligence (+3).
Wands
 e - a wand of flame (57)
 h - a wand of iceblast (7)
 j - a wand of disintegration (15)
 l - a wand of digging (16)
 t - a wand of polymorph (7)
 B - a wand of scattershot (5)
 C - a wand of acid (8)
Scrolls
 b - 2 scrolls of fog
 f - 3 scrolls of enchant armour
 g - 3 scrolls of fear
 q - a scroll of blinking
 u - 4 scrolls of magic mapping
 v - 3 scrolls of teleportation
 z - a scroll of summoning
 A - a scroll of remove curse
Potions
 i - 3 potions of magic
 k - 3 potions of resistance
 n - a potion of brilliance
 o - a potion of curing
 r - 3 potions of flight
Comestibles
 d - 30 rations


   Skills:
 + Level 9.4 Fighting
 - Level 5.0 Short Blades
 * Level 7.8 Armour
 * Level 8.9 Dodging
 + Level 5.1 Shields
 + Level 6.5 Unarmed Combat
 - Level 4.5 Spellcasting
 + Level 3.0 Charms
 - Level 5.5 Necromancy
 + Level 4.1 Evocations


You had 17 spell levels left.
You knew the following spells:

 Your Spells              Type           Power        Failure   Level  Hunger
a - Regeneration          Chrm/Necr      #.........   90%         3    ####...

Your spell library contained the following spells:

 Spells                   Type           Power        Failure   Level  Hunger
 Confuse                  Hex            #.......     100%        3    ####...
 Animate Dead             Necr           N/A          98%         4    #####..
 Pain                     Necr           #...         36%         1    ##.....
 Animate Skeleton         Necr           N/A          36%         1    ##.....
 Dispel Undead            Necr           #.......     100%        5    ######.
 Tukima's Dance           Hex            #.......     100%        3    ####...
 Corpse Rot               Necr           N/A          52%         2    ###....
 Agony                    Necr           #.......     100%        5    ######.
 Ensorcelled Hibernation  Hex/Ice        #.....       99%         2    ###....
 Corona                   Hex            #......      98%         1    ##.....
 Excruciating Wounds      Chrm/Necr      #.........   100%        5    ######.
 Dazzling Spray           Conj/Hex       #.....       100%        3    ####...
 Borgnjor's Vile Clutch   Necr/Erth      #.........   100%        5    ######.


Dungeon Overview and Level Annotations

Branches:
Dungeon (11/15)            Temple (1/1) D:7            Lair (1/6) D:9
    Orc (0/2) D:10

Altars:
Ashenzari
Cheibriados
Dithmenos
Elyvilon
Fedhas
Gozag
Hepliaklqana
Kikubaaqudgha
Makhleb
Nemelex Xobeh
Okawaru
Qazlal
Ru
Sif Muna
Trog
Uskayaw
Vehumet
Wu Jian
Xom
Yredelemnul
Zin
The Shining One
Beogh

Shops:
D:10 =


Innate Abilities, Weirdness & Mutations

Your body is rotting away.
You thrive on raw meat.
You are immune to poison.
You have sharp fingernails.
You are carnivorous and can eat meat at any time.
Your flesh is cold resistant. (rC+)
You are immune to negative energy. (rN+++)
You do not regenerate when monsters are visible.
You are immune to unholy pain and torment.
You can survive without breathing.


Message History

The kobold demonologist casts a spell.
The adder bites you but does no damage. The neqoxec gestures at you.
Strange energies course through your body.
Your body decomposes!
You feel clumsy. The adder bites you but does no damage.
The kobold demonologist hits you but does no damage.
The neqoxec hits you.
* * * LOW HITPOINT WARNING * * *
You can move again.
You scratch the kobold demonologist.
The kobold demonologist is almost dead.
The sixfirhy hits you.
* * * LOW HITPOINT WARNING * * *
The sixfirhy shocks you!
* * * LOW HITPOINT WARNING * * *
The sixfirhy closely misses you. The sixfirhy hits you!
You die...
Kikubaaqudgha rasps: "You have failed me!
Welcome... oblivion!"

#....##)........#
###...##[#.#######
#######......#...####
....................#
........#.#.........#
.######.............#
.# #.#.#[.5....[.# ##
####........3#S.##
##.........##K@3.##
###..##.##.#######..#
....#......# ##.#
##........## ###
#..##....<#
#.###.....#
#.##....### #.#...###
.....##


You could see a kobold demonologist, a sixfirhy, a neqoxec, an iron imp and an
adder.

Vanquished Creatures
  Josephine (D:10)
  Erolcha (D:9)
  The ghost of Nib the Skirmisher, a novice TrCK of Xom (D:6)
  Pikel (D:8)
  An ugly thing (D:11)
  The ghost of azzavlup the Insei, a novice DsAK of Lugonu (D:7)
  Maurice (D:9)
  Psyche (D:10)
  2 spiny frogs (Lair:1)
  A kobold demonologist (D:10)
  A troll (D:9)
  A hornet (D:10)
  A hippogriff (D:8)
  Prince Ribbit (D:6)
  Sigmund (D:3)
  4 wraiths
  A wyvern (D:10)
  A shadow (D:11)
  9 yaks
  A steam dragon (D:7)
  2 hungry ghosts
  A water moccasin (Lair:1)
  An orc warrior (D:10)
  6 ice beasts
  3 phantoms
  A black bear (D:6)
  2 sky beasts
  9 ogres
  2 centaurs
  A crocodile (D:11)
  3 bullfrogs
  A wyvern zombie (D:8)
  5 scorpions
  6 killer bees (D:5)
  5 wights (D:8)
  An electric eel (Lair:1)
  4 crimson imps
  A bullfrog zombie (D:9)
  10 hounds
  A bullfrog skeleton (D:7)
  10 orc priests
  Crazy Yiuf (D:3)
  2 jellies
  5 iguanas
  Jessica (D:4)
  A centaur skeleton (D:4)
  Natasha (thrice) (D:3)
  6 orc wizards
  8 worker ants
  A howler monkey zombie (D:6)
  Robin (D:3)
  9 adders
  11 river rats (D:5)
  A shadow imp (D:5)
  6 oozes
  5 adder zombies
  2 adder skeletons
  5 worms
  A dart slug (D:1)
  4 leopard geckos
  36 orcs
  10 giant cockroaches
  16 goblins
  4 hobgoblins
  21 jackals
  8 quokkas
  4 ball pythons
  18 bats
  12 frilled lizards
  A jackal skeleton (D:5)
  7 kobolds
  2 quokka zombies
  20 rats
339 creatures vanquished.

Vanquished Creatures (others)
  An adder (D:8)
  A plant (Lair:1)
2 creatures vanquished.

Grand Total: 341 creatures vanquished

Notes
Turn   | Place    | Note
-------+----------+-------------------------------------------
     0 | D:1      | Borgoz the Ghoul Fighter began the quest for the Orb.
     0 | D:1      | Reached XP level 1. HP: 19/19 MP: 0/0
   226 | D:1      | Reached XP level 2. HP: 26/26 MP: 1/1
   416 | D:1      | Reached skill level 1 in Dodging
   592 | D:2      | Found a glowing silver altar of Zin.
   692 | D:2      | Reached XP level 3. HP: 31/31 MP: 2/2
  1130 | D:2      | Found an ancient bone altar of Kikubaaqudgha.
  1437 | D:3      | Noticed Sigmund
  1445 | D:3      | Killed Sigmund
  1445 | D:3      | Reached skill level 4 in Fighting
  1445 | D:3      | Reached XP level 4. HP: 20/38 MP: 3/3
  1445 | D:3      | Reached XP level 5. HP: 23/44 MP: 4/4
  1462 | D:3      | Reached XP level 6. HP: 28/50 MP: 5/5
  1544 | D:3      | Found a runed door.
  1750 | D:3      | Found a sacrificial altar of Ru.
  1803 | D:3      | Noticed Robin
  1821 | D:3      | Killed Robin
  2017 | D:3      | Found a glowing drain.
  2103 | D:3      | Found an iron altar of Okawaru.
  2105 | D:3      | Found a shadowy altar of Dithmenos.
  2112 | D:3      | Found a snail-covered altar of Cheibriados.
  2488 | D:3      | Noticed Natasha
  2497 | D:3      | Killed Natasha
  2497 | D:3      | Reached XP level 7. HP: 47/60 MP: 6/6
  2596 | D:3      | Reached skill level 7 in Fighting
  2596 | D:3      | Reached skill level 5 in Short Blades
  2596 | D:3      | Reached skill level 5 in Necromancy
  2596 | D:3      | Reached XP level 8. HP: 74/74 MP: 6/13
  2597 | D:3      | Noticed Crazy Yiuf
  2604 | D:3      | Killed Crazy Yiuf
  2639 | D:3      | Noticed Natasha
  2649 | D:3      | Killed Natasha
  2747 | D:4      | Found a sparkling altar of Nemelex Xobeh.
  2747 | D:4      | Noticed Jessica
  2750 | D:4      | Killed Jessica
  3029 | D:4      | Got a faintly humming shield
  3035 | D:4      | Identified the +0 shield of Zomemn {Str+2} (You found it on level 4 of the Dungeon)
  3294 | D:4      | Found a glowing drain.
  3326 | Sewer    | Entered a sewer
  4248 | D:3      | Noticed Natasha
  4263 | D:3      | Killed Natasha
  4314 | D:2      | Became a worshipper of Kikubaaqudgha
  4366 | D:5      | Entered Level 5 of the Dungeon
  5087 | D:5      | Found a white marble altar of Elyvilon.
  5206 | D:5      | Reached skill level 8 in Fighting
  5206 | D:5      | Reached XP level 9. HP: 46/78 MP: 14/14
  5214 | D:5      | Reached skill level 1 in Evocations
  5482 | D:5      | Reached skill level 5 in Armour
  5542 | D:5      | Reached * piety under Kikubaaqudgha
  5542 | D:5      | Identified Kikubaaqudgha's Reference Book on Sinister Rituals (Kikubaaqudgha gifted it to you on level 5 of the Dungeon)
  5542 | D:5      | Received a gift from Kikubaaqudgha
  5682 | D:5      | Learned a level 3 spell: Regeneration
  5853 | D:5      | Found a bloodstained altar of Trog.
  5856 | D:5      | Found an opulent altar of Gozag.
  5859 | D:5      | Found a hazy altar of Hepliaklqana.
  5929 | D:5      | Reached ** piety under Kikubaaqudgha
  6270 | D:5      | Found the +6 shillelagh "Devastator" {shatter}
  6813 | D:5      | Found a deep blue altar of Sif Muna.
  6852 | D:6      | Found a burning altar of Makhleb.
  7490 | D:6      | Noticed Nib's ghost (novice TrCK)
  7528 | D:6      | Killed Nib's ghost
  7528 | D:6      | Reached XP level 10. HP: 32/89 MP: 15/15
  8061 | D:6      | Noticed Prince Ribbit
  8081 | D:6      | Reached skill level 5 in Unarmed Combat
  8240 | D:6      | Killed Prince Ribbit
  8339 | D:6      | Reached *** piety under Kikubaaqudgha
  8339 | D:6      | Identified Kikubaaqudgha's Compendium of Dark Arts (Kikubaaqudgha gifted it to you on level 6 of the Dungeon)
  8339 | D:6      | Received a gift from Kikubaaqudgha
  8557 | D:7      | Noticed azzavlup's ghost (novice DsAK)
  9024 | D:7      | Found a staircase to the Ecumenical Temple.
  9050 | Temple   | Entered the Ecumenical Temple
  9616 | D:8      | Got a bloodstained robe
 10077 | D:8      | Noticed Pikel
 10090 | D:8      | Killed Pikel
 10364 | D:8      | Reached skill level 1 in Charms
 10588 | D:7      | Identified the +0 robe of Hedge Wizardry {Str+2} (You found it on level 8 of the Dungeon)
 10699 | D:7      | Found a sparkling altar of Nemelex Xobeh.
 10891 | D:7      | Killed azzavlup's ghost
 10891 | D:7      | Reached XP level 11. HP: 49/95 MP: 16/16
 11154 | D:9      | Found a staircase to the Lair.
 11218 | D:9      | Noticed Maurice
 11218 | D:9      | Noticed Erolcha
 11236 | D:9      | Killed Erolcha
 11239 | D:9      | Killed Maurice
 11827 | D:10     | Entered Level 10 of the Dungeon
 11931 | Lair:1   | Entered Level 1 of the Lair of Beasts
 12002 | Lair:1   | Reached skill level 9 in Fighting
 12579 | D:10     | HP: 4/97 [iguana (7)]
 13273 | D:9      | Reached **** piety under Kikubaaqudgha
 13343 | D:10     | Found Lumaolesm's Jewellery Boutique.
 13344 | D:10     | Noticed Josephine
 13362 | D:10     | Killed Josephine
 13761 | D:10     | Found a staircase to the Orcish Mines.
 13822 | D:10     | Found a roughly hewn altar of Beogh.
 14496 | D:11     | Noticed Psyche
 14498 | D:11     | Noticed a two-headed ogre
 14509 | D:10     | Killed Psyche
 14509 | D:10     | Reached skill level 5 in Shields
 14655 | D:11     | Got a coiled ruby amulet
 14665 | D:11     | Reached XP level 12. HP: 103/104 MP: 17/17
 14893 | D:11     | Noticed a sun demon
 14969 | D:10     | Lost intelligence.
 14972 | D:10     | HP: 4/104 [sixfirhy[a kobold demonologist] (10)]
 14972 | D:10     | Slain by a sixfirhy

Vault maps used:
D:1:      dpeg_arrival_long_road, serial_bayou_ford_a
D:2:      old_standard_altar, old_standard_altar, first_ration
D:3:      grunt_temple_overflow_diamond, nicolae_ru_great_annihilating_truth,
          portal_sewer_entry_d, kennysheep_generic_room_16,
          uniq_crazy_yiuf_cottage, uniq_robin, uniq_natasha, uniq_sigmund
D:4:      portal_sewer_entry_b, nemelex_lonely_heart_becter
D:5:      lemuel_ratsnest, led_sif_pool, minmay_overflow_temple_star_quad,
          elyvilon_altar_3
D:6:      makhleb_heckhound_becter, uniq_prince_ribbit1
D:7:      lemuel_round_altar, minmay_temple_entry_overgrown, grunt_ogre_cave,
          minmay_misc_feat_cross
D:8:      uniq_pikel
D:9:      lair_entry_dummy, uniq_erolcha, uniq_maurice
D:10:     minmay_orc_entry_temple_small, serial_shops, kennysheep_mini,
          uniq_josephine
D:11:     minmay_smoke_and_mirrors, kennysheep_windowed_goal, uniq_psyche
Temple:   zaba_magenta_temple
Sewer:    sewer_fruit_machine

Skill      XL: |  1  2  3  4  5  6  7  8  9 10 11 12 |
---------------+-------------------------------------+-----
Armour         | 3 4 5 6 7 |  7.8
Dodging        | 1 2 3 6 7 8 |  8.9
Fighting       | 4 7 8 9 |  9.4
Unarmed Combat | 3 4 5 6 |  6.5
Short Blades   | 5 |  5.0
Spellcasting   | 4 |  4.5
Necromancy     | 5 |  5.5
Evocations     | 2 4 |  4.1
Shields        | 3 4 5 |  5.1
Charms         | 1 2 3 |  3.0

Action                   |  1- 3 |  4- 6 |  7- 9 | 10-12 || total
-------------------------+-------+-------+-------+-------++-------
Melee: Unarmed           |   113 |   194 |   770 |   859 ||  1936
       Punch             |     1 |     2 |     1 |       ||     4
  Use: Scroll            |     8 |     1 |     5 |    12 ||    26
       Potion            |     2 |     3 |     5 |    10 ||    20
 Stab: Invisible         |       |     1 |       |       ||     1
  Eat: Chunk             |     8 |    15 |    45 |    89 ||   157
Armor: Scale mail        |    50 |    66 |   261 |   197 ||   574
Dodge: Dodged            |    84 |    84 |   313 |   361 ||   842
Block: Shield            |       |       |   282 |   354 ||   636

Table legend:
 A = Spawn XP
 B = Non-spawn XP
 C = Spawn XP percentage of total XP
 D = Spawn monster count
 E = Non-spawn monster count
 F = Spawn count percentage of total count
 G = Total turns spent on level
                    A         B        C        D         E        F      G
               +---------+---------+-------+---------+---------+-------+---------
         Total |       0 |   19057 |   0.0 |       0 |     339 |   0.0 | 14972
               +---------+---------+-------+---------+---------+-------+---------
           D:1 |       0 |      26 |   0.0 |       0 |      16 |   0.0 |   582
           D:2 |       0 |      24 |   0.0 |       0 |      14 |   0.0 |   862
           D:3 |       0 |     683 |   0.0 |       0 |      51 |   0.0 |  1310
           D:4 |       0 |     228 |   0.0 |       0 |      25 |   0.0 |  1156
           D:5 |       0 |    1974 |   0.0 |       0 |      77 |   0.0 |  2719
           D:6 |       0 |    2258 |   0.0 |       0 |      30 |   0.0 |  1613
           D:7 |       0 |    1623 |   0.0 |       0 |      27 |   0.0 |  1379
           D:8 |       0 |    1876 |   0.0 |       0 |      20 |   0.0 |   788
           D:9 |       0 |    3044 |   0.0 |       0 |      17 |   0.0 |  1378
          D:10 |       0 |    4518 |   0.0 |       0 |      27 |   0.0 |  1773
          D:11 |       0 |    1741 |   0.0 |       0 |       8 |   0.0 |   423
        Lair:1 |       0 |     998 |   0.0 |       0 |       4 |   0.0 |   244
         Sewer |       0 |      64 |   0.0 |       0 |      23 |   0.0 |   668
               +---------+---------+-------+---------+---------+-------+---------
